 Dungeon Crawl Stone Soup version 0.20-a0-1015-g2ec8a95 (webtiles) character file.

244 Monsterracer the Gusty (level 6, -4/32 HPs)
             Began as a Tengu Air Elementalist on Apr 15, 2017.
             Killed from afar by an orc wizard (10 damage)
             ... with a puff of frost
             ... on level 3 of the Dungeon.
             The game lasted 00:19:41 (3907 turns).

Monsterracer the Gusty (Tengu Air Elementalist)     Turns: 3907, Time: 00:19:42

Health: -4/32      AC:  2    Str:  9      XL:     6   Next: 10%
Magic:  3/11       EV: 13    Int: 16 (17) God:
Gold:   136        SH:  0    Dex: 17      Spells: 0/10 levels left

rFire    . . .     SeeInvis .   f - +0 mace
rCold    . . .     Gourm    .   (no shield)
rNeg     . . .     Faith    .   a - +0 robe
rPois    .         Spirit   .   (helmet restricted)
rElec    .         Reflect  .   (no cloak)
rCorr    .         Harm     .   (no gloves)
MR       .....                  (boots unavailable)
Stlth    ++........             (no amulet)
Regen    0.1/turn               k - ring of flight
MPRegen  0.2/turn               l - +3 ring of dexterity

@: swift, very quick
A: beak, talons 3, able to fly 1
a: Fly, Evoke Flight


You were on level 3 of the Dungeon.
You were not hungry.

You visited 1 branch of the dungeon, and saw 3 of its levels.

You collected 136 gold pieces.

Inventory:

Hand Weapons
 f - a +0 mace (weapon)
 s - a +5 club
Armour
 a - a +0 robe (worn)
Jewellery
 h - a +2 ring of strength {unknown}
 k - a ring of flight (left hand)
 l - a +3 ring of dexterity (right hand)
 q - an uncursed ring of positive energy {unknown}
Scrolls
 d - a scroll of random uselessness {unknown}
 e - a scroll of identify {unknown}
 g - a scroll of teleportation {unknown}
 i - a scroll of remove curse {unknown}
 m - a scroll of immolation {unknown}
 n - 2 scrolls of recharging {unknown}
Potions
 p - a potion of invisibility
 r - a potion of lignification
 t - a potion of heal wounds
 u - a potion of might
Books
 b - a book of Air

   Spells                             Type                      Level
   a - Shock                          Conjuration/Air              1
   b - Swiftness                      Charms/Air                   2
   c - Static Discharge               Conjuration/Air              3
   d - Airstrike                      Air                          4
   e - Lightning Bolt                 Conjuration/Air              5
Comestibles
 c - 3 bread rations
 j - a meat ration
 o - 13 fruits


   Skills:
 * Level 1.8 Maces & Flails
 - Level 2.1 Dodging
 - Level 2.0 Stealth
 + Level 2.9 Spellcasting
 + Level 4.7 Conjurations
 + Level 6.0 Air Magic


You couldn't memorise any spells.
You knew the following spells:

 Your Spells              Type           Power        Failure   Level  Hunger
a - Shock                 Conj/Air       ###.         1%          1    #......
b - Swiftness             Chrm/Air       ##......     10%         2    ##.....
c - Static Discharge      Conj/Air       ###.....     8%          3    ###....
d - Airstrike             Air            ###.......   17%         4    #####..


Dungeon Overview and Level Annotations

Branches:
Dungeon (3/15)

Altars:
Dithmenos
Fedhas
Qazlal
Xom
Yredelemnul


Innate Abilities, Weirdness & Mutations

You have a beak for a mouth.
You have claws for feet.
You can fly.


Message History

The orc wizard points at you and mumbles some strange words.
The puff of frost hits you!
Casting: Shock
Confirm with . or Enter, or press ? or * to list all spells.
You feel quick.
The orc priest mumbles some strange prayers to Beogh against you.
Pain shoots through your body!
The orc wizard looks encouraged for a moment.
The orc priest calls upon Beogh to heal the orc wizard.
The orc wizard is healed somewhat.
The orc wizard points at you and mumbles some strange words.
The magic dart hits you!
* * * LOW HITPOINT WARNING * * *
An orc wizard comes into view. It is wielding a dagger.
The orc wizard shouts!
Okay, then.
Okay, then.
The orc wizard gestures at you while chanting.
The puff of frost hits you!
You die...

_.%....................##..#
.#....##.##.#.###########..#
......##..#o#..## ##.....
#.....#.........# ####......
#....o.o#######.###.....#..#
##.)# ### #.........#...
#oo#######.............
##...._..'..#......#.##
#.###@###..#......#.# #.#
#.# #.##....[.#.#
#.###.###.##.####.#.##
#.........## #.#.#.
#####.#.### #.#.#. #...#
##.####.#.#. #.###
........#.#. ...
.#.####.#.#. #.. #.......


You could see an orc priest and 2 orc wizards.

Vanquished Creatures
  A jelly (D:3)
  Jessica (D:3)
  3 gnolls (D:3)
  5 adders
  A worm (D:2)
  2 dart slugs
  2 leopard geckos (D:1)
  4 orcs (D:3)
  A bat zombie (D:1)
  8 giant cockroaches
  3 goblins
  8 hobgoblins
  7 jackals
  A ball python (D:3)
  13 bats
  5 frilled lizards
  10 kobolds
  A quokka zombie (D:1)
  12 rats
88 creatures vanquished.

Vanquished Creatures (others)
  A giant cockroach (D:2)
1 creature vanquished.

Grand Total: 89 creatures vanquished

Notes
Turn   | Place    | Note
-------+----------+-------------------------------------------
     0 | D:1      | Monsterracer the Tengu Air Elementalist began the quest for the Orb.
     0 | D:1      | Reached XP level 1. HP: 10/10 MP: 4/4
   236 | D:1      | Reached XP level 2. HP: 12/15 MP: 0/6
   240 | D:1      | Learned a level 2 spell: Swiftness
   681 | D:1      | Reached XP level 3. HP: 19/19 MP: 5/7
   705 | D:1      | Learned a level 3 spell: Static Discharge
  1110 | D:1      | Reached skill level 5 in Air Magic
  1479 | D:2      | Found a stormy altar of Qazlal.
  1574 | D:2      | Reached XP level 4. HP: 24/24 MP: 1/8
  2205 | D:2      | Found a shadowy altar of Dithmenos.
  2808 | D:3      | Gained mutation: You can fly. [Tengu growth]
  2808 | D:3      | Reached XP level 5. HP: 28/28 MP: 3/9
  2955 | D:3      | Noticed Jessica
  2970 | D:3      | Killed Jessica
  3095 | D:3      | Found a blossoming altar of Fedhas.
  3444 | D:3      | Found a shimmering altar of Xom.
  3490 | D:3      | Reached skill level 1 in Maces & Flails
  3490 | D:3      | Reached skill level 6 in Air Magic
  3490 | D:3      | Reached XP level 6. HP: 32/32 MP: 1/11
  3527 | D:2      | Learned a level 4 spell: Airstrike
  3898 | D:3      | Found a basalt altar of Yredelemnul.
  3907 | D:3      | Killed from afar by an orc wizard

Vault maps used:
D:1:      saegor_arrival_fortress
D:2:      cheibrodos_helix_gallery, grunt_qazlal_clouds,
          nicolae_dithmenos_shadow_blocks, first_bread, hangedman_decor_growths,
          grunt_ministairs_12
D:3:      fedhas_altar_fruit_tree, lemuel_crystal_altar, lemuel_doored_altar,
          uniq_jessica

Skill      XL: |  1  2  3  4  5 |
---------------+----------------+-----
Conjurations   | 2 3 4 |  4.7
Air Magic      | 5 6 |  6.0
Maces & Flails | 1 |  1.8
Dodging        | |  2.1
Stealth        | |  2.0
Spellcasting   | |  2.9

Action                   |  1- 3 |  4- 6 || total
-------------------------+-------+-------++-------
Melee: Unarmed           |     5 |       ||     5
       Short sword       |     7 |       ||     7
       Kick              |     2 |     4 ||     6
       Peck              |     2 |       ||     2
       War axe           |       |     3 ||     3
       Mace              |       |     5 ||     5
 Cast: Shock             |    76 |   114 ||   190
       Static Discharge  |       |     6 ||     6
       Swiftness         |       |     4 ||     4
 Abil: Fly               |       |     1 ||     1
  Use: Potion            |     5 |     4 ||     9
  Eat: Chunk             |     3 |    10 ||    13
Armor: Robe              |    10 |     5 ||    15
Dodge: Dodged            |    27 |    21 ||    48
